 Dungeon Sprint DCSS version 0.29-a0-994-gc5c9f59d18 (webtiles) character file.

Game seed: 4143790213610803670

5065 Hubris850 the Imperceptible (level 10, -19/49 HPs)
             Began as a Spriggan Enchanter on Aug 3, 2022.
             Was an Elder of Dithmenos.
             Killed from afar by a gargoyle (22 damage)
             ... with a stone arrow
             ... in the Dungeon (Sprint I: "Red Sonja").
             The game lasted 00:06:50 (1139 turns).

Hubris850 the Imperceptible (Spriggan Enchanter)    Turns: 1139, Time: 00:06:51

Health: -19/49     AC:  9    Str:  4    XL:     10   Next: 31%
Magic:  7/21       EV: 21    Int: 17    God:    Dithmenos [****..]
Gold:   863        SH:  0    Dex: 20    Spells: 11/22 levels left

rFire   . . .      SeeInvis +   j - +1 dagger (protect)
rCold   . . .      Faith    .   (no shield)
rNeg    . . .      Spirit   .   b - +0 robe
rPois   .          Reflect  .   (helmet restricted)
rElec   .          Harm     .   (no cloak)
rCorr   .          Rampage  .   (gloves unavailable)
Will    +....      NoTele   +   (boots unavailable) Stlth **++++++++
                                (no amulet)
HPRegen 0.16/turn               (no ring)
MPRegen 0.17/turn               (no ring)

@: under a protective aura, wreathed by umbra, very quick
A: very small, no large weapons, unfitting armour, see invisible, speed 3
a: Renounce Religion, Shadow Step


You were in the Dungeon.
You worshipped Dithmenos.
Dithmenos was greatly pleased with you.
You visited 1 branch You collected 863 gold pieces.

Inventory:

Hand Weapons
 a - a +1 dagger
 f - a +2 short sword of venom
 j - a +1 dagger of protection (weapon)
Missiles
 k - 2 curare-tipped darts (quivered)
Armour
 b - a +0 robe (worn)
Wands
 h - a wand of flame (13)
Scrolls
 i - a scroll of blinking
Potions
 c - 2 potions of invisibility
 e - a potion of heal wounds
 g - 2 potions of magic
 l - a potion of flight {unknown}


   Skills:
 + Level 3.4 Fighting
 + Level 11.5 Short Blades
 + Level 6.3 Dodging
 - Level 21.7 Stealth
 - Level 6.8 Spellcasting
 - Level 16.0 Hexes
 + Level 7.5 Invocations


You had 11 spell levels left.
You knew the following spells:

 Your Spells              Type           Power      Damage    Failure   Level
a - Ensorcelled Hibernat  Hex/Ice        66%        N/A       1%          2
b - Confusing Touch       Hex            57%        N/A       1%          3
c - Dazzling Flash        Conj/Hex       66%        N/A       1%          3
d - Tukima's Dance        Hex            57%        N/A       1%          3

Your spell library contained the following spells:

 Spells                   Type           Power      Damage    Failure   Level
 Airstrike                Air            2%         2d(1-17)  75%         4
 Summon Lightning Spire   Summ/Air       5%         N/A       75%         4
 Lightning Bolt           Conj/Air       2%         1d14      97%         5


Dungeon Overview and Level Annotations

Branches:
Dungeon (1/1)

Altars:
Cheibriados
Dithmenos
Elyvilon
Fedhas
Gozag
Hepliaklqana
Kikubaaqudgha
Makhleb
Nemelex Xobeh
Okawaru
Qazlal
Ru
Sif Muna
Trog
Uskayaw
Vehumet
Wu Jian
Xom
Yredelemnul
Zin
The Shining One
Jiyva
Lugonu

Shops:
D *[


Innate Abilities, Weirdness & Mutations

You are very small and have problems with some larger weapons.
You are too small for most types of armour.
You have supernaturally acute eyesight. (SInv)
You cover ground extremely quickly. (Speed+++)


Message History

The demonic crawler is no longer blind.
The demonic crawler closely misses you. The demonic crawler hits you.
The demonic crawler misses you.
You strike the helpless demonic crawler from behind!
You skewer the demonic crawler like a kebab!!!
You kill the demonic crawler!
Dithmenos accepts your kill.
Your Fighting skill increases to level 3!
Your Dodging skill increases to level 6!
You catch the helpless demonic crawler completely off-guard!
You stick the demonic crawler like a pincushion!!!
You kill the demonic crawler!
Dithmenos accepts your kill. The demonic crawler closely misses you.
The demonic crawler hits you! x2
* * * LOW HITPOINT WARNING * * *
Casting: Dazzling Flash (safe; 1% risk of failure)
Confirm with . or Enter, or press ? or * to list all spells.
Casting: Dazzling Flash (safe; 1% risk of failure)
Press: ? - help, Dir - look around, f - activate The demonic crawler hits you!
* * * LOW HITPOINT WARNING * * *
The demonic crawler hits you but does no damage.
The demonic crawler misses you.
Unknown command.
Casting: Dazzling Flash (safe; 1% risk of failure)
Confirm with . or Enter, or press ? or * to list all spells.
Casting: Dazzling Flash (safe; 1% risk of failure)
Press: ? - help, Dir - look around, f - activate The demonic crawler closely misses you.
The demonic crawler barely misses you. The demonic crawler closely misses you.
The gargoyle completely misses you.
Unknown command.
Casting: Dazzling Flash (safe; 1% risk of failure)
Confirm with . or Enter, or press ? or * to list all spells.
Casting: Dazzling Flash (safe; 1% risk of failure)
Press: ? - help, Dir - look around, f - activate The demonic crawler is dazzled.
The demonic crawler closely misses you. x2
The demonic crawler hits you.
* * * LOW HITPOINT WARNING * * *
The gargoyle hurls a stone arrow at you.
The stone arrow hits you!!
You die...

##################
.#.)'..#__#..'.).#
.'..#..'..'..#).@#
'#####'#__####..s9..#
.#...#[####.(#####..+
##..##)#~§§.§#..# '##
_##'#_.'§§~..'..# ☼
..'..._#§§§§.#..# .☼
_##_.#'##§#####†###
°°
_###'#)#))).###.'.#
°°#
####.####'###[###.#


You could see a demonic crawler (blind) and a gargoyle.

Vanquished Creatures
  2 centaur warriors (D)
  Sonja (D)
  A deep troll (D)
  An oklob plant (D)
  3 demonic crawlers (D)
  2 kobold demonologists (D)
  A hornet (D)
  A slime creature (D)
  Sigmund (D)
  A yak (D)
  2 redbacks (D)
  A floating eye (D)
  An ogre (D)
  A jelly (D)
  Ijyb (D)
20 creatures vanquished.

Notes
Turn   | Place    | Note
-------+----------+-------------------------------------------
     0 | D        | Hubris850 the Spriggan Enchanter began the quest for the
                  | Orb.
     0 | D        | Reached XP level 1. HP: 9/9 MP: 5/5
     2 | D        | Noticed Ijyb
     6 | D        | Killed Ijyb
     7 | D        | Reached XP level 2. HP: 7/13 MP: 6/6
   197 | D        | Learned a level 2 spell: Ensorcelled Hibernation
   198 | D        | Noticed an ogre
   208 | D        | Killed an ogre
   209 | D        | Reached skill level 11 in Stealth
   209 | D        | Reached XP level 3. HP: 16/16 MP: 0/8
   209 | D        | Reached XP level 4. HP: 21/21 MP: 0/9
   315 | D        | Noticed Sigmund
   318 | D        | Killed Sigmund
   319 | D        | Reached skill level 17 in Stealth
   319 | D        | Reached XP level 5. HP: 11/24 MP: 7/10
   319 | D        | Reached XP level 6. HP: 13/28 MP: 7/11
   491 | D        | Found a shimmering blue altar of Sif Muna.
   492 | D        | Found an ornate altar of the Wu Jian Council.
   493 | D        | Found a radiant altar of Vehumet.
   519 | D        | Found Xari's Assorted Antiques.
   519 | D        | Found an ancient bone altar of Kikubaaqudgha.
   519 | D        | Found a hazy altar of Hepliaklqana.
   519 | D        | Found a stormy altar of Qazlal.
   519 | D        | Found a hide-covered altar of Uskayaw.
   519 | D        | Found a blossoming altar of Fedhas.
   519 | D        | Found a bloodstained altar of Trog.
   519 | D        | Found an iron altar of Okawaru.
   519 | D        | Found a basalt altar of Yredelemnul.
   519 | D        | Found a glowing golden altar of the Shining One.
   519 | D        | Found a snail-covered altar of Cheibriados.
   519 | D        | Found a sacrificial altar of Ru.
   519 | D        | Found a glowing silver altar of Zin.
   519 | D        | Found a shadowy altar of Dithmenos.
   519 | D        | Found a white marble altar of Elyvilon.
   519 | D        | Noticed a yak
   520 | D        | Found an opulent altar of Gozag.
   521 | D        | Killed a yak
   522 | D        | Reached skill level 10 in Hexes
   522 | D        | Found a sparkling altar of Nemelex Xobeh.
   528 | D        | Became a worshipper of Dithmenos the Shadowed
   541 | D        | Learned a level 3 spell: Confusing Touch
   545 | D        | Learned a level 3 spell: Dazzling Flash
   549 | D        | Learned a level 3 spell: Tukima's Dance
   556 | D        | Noticed Sonja
   560 | D        | Killed Sonja
   561 | D        | Reached XP level 7. HP: 32/32 MP: 18/18
   573 | D        | Noticed a deep troll
   577 | D        | Killed a deep troll
   578 | D        | Reached skill level 5 in Short Blades
   578 | D        | Reached skill level 18 in Stealth
   578 | D        | Reached XP level 8. HP: 36/36 MP: 19/19
   593 | D        | Found Wexkill's Armour Emporium.
   610 | D        | Noticed a centaur warrior
   612 | D        | Noticed a centaur warrior
   620 | D        | Killed a centaur warrior
   620 | D        | Reached * piety under Dithmenos
   621 | D        | Reached skill level 19 in Stealth
   621 | D        | Reached skill level 15 in Hexes
   621 | D        | Reached XP level 9. HP: 20/39 MP: 11/20
   627 | D        | Killed a centaur warrior
   628 | D        | Reached skill level 20 in Stealth
   805 | D        | Noticed an oklob plant
   807 | D        | Killed an oklob plant
   807 | D        | Reached ** piety under Dithmenos
   808 | D        | Reached skill level 21 in Stealth
  1015 | D        | Reached skill level 10 in Short Blades
  1041 | D        | Found a burning altar of Makhleb.
  1041 | D        | Found a viscous altar of Jiyva.
  1041 | D        | Found a shimmering altar of Xom.
  1041 | D        | Found a corrupted altar of Lugonu.
  1044 | D        | Reached *** piety under Dithmenos
  1057 | D        | Noticed a kobold demonologist
  1058 | D        | Noticed a kobold demonologist
  1064 | D        | Killed a kobold demonologist
  1065 | D        | Reached skill level 1 in Fighting
  1065 | D        | Reached XP level 10. HP: 43/46 MP: 14/21
  1130 | D        | Reached **** piety under Dithmenos
  1131 | D        | Reached skill level 5 in Dodging
  1133 | D        | Noticed a gargoyle
  1139 | D        | Killed from afar by a gargoyle

Illustrated notes

Levels and vault maps discovered:
D:        dungeon_sprint_1 [red_sonja_temple_1, red_sonja_temple_small_1]

Skill      XL: |  1  2  3  4  5  6  7  8  9 10 |
---------------+-------------------------------+-----
Hexes          | 7 13 14 15 16 | 16.0
Stealth        | 11 17 18 19 21 | 21.7
Spellcasting   | 6 |  6.8
Invocations    | 6 7 |  7.5
Short Blades   | 5 6 10 11 | 11.5
Dodging        | 4 6 |  6.3
Fighting       | 1 3 |  3.4

Action                   |  1- 3 |  4- 6 |  7- 9 | 10-12 || total
-------------------------+-------+-------+-------+-------++-------
Melee: Dagger            |     6 |     4 |    17 |     7 ||    34
 Cast: Ensorcelled Hiber |     1 |     1 |     8 |     2 ||    12
       Confusing Touch   |       |       |     2 |       ||     2
       Dazzling Flash    |       |       |       |     5 ||     5
  Use: Potion            |     2 |       |     1 |       ||     3
 Stab: Sleeping          |     2 |     4 |     9 |     1 ||    16
       Confused          |       |       |     2 |       ||     2
       Invisible         |       |       |       |     4 ||     4
Armor: Robe              |     1 |       |     4 |     1 ||     6
Dodge: Dodged            |     3 |       |    12 |    27 ||    42

Table legend: (Time is in decaauts)
 A = Elapsed time spent in this place.
 B = Non-inter-level travel time spent in this place.
 C = Inter-level travel time spent in this place.
 D = Time resting spent in this place.
 E = Time spent auto-exploring this place.
 F = Levels seen in this place.
 G = Mean time per level.
                   A        B        C        D        E       F      G
               +--------+--------+--------+--------+--------+-----+--------+
         Total |   1050 |   1050 |      0 |    817 |      0 |   1 | 1050.0 |
       Dungeon |   1050 |   1050 |      0 |    817 |      0 |   1 | 1050.0 |
               +--------+--------+--------+--------+--------+-----+--------+

Top non-repeatable levels by time:
       D: 1050 daAuts
